 Dungeon Crawl Stone Soup version 0.31-a0-198-g2ad674f65e (webtiles) character file.

Game seed: 15186272963317599382

145 qw the Skirmisher (level 5, -2/29 HPs)
             Began as a Deep Elf Hunter on June 25, 2023.
             Slain by Robin
             ... wielding a +2 dagger of distortion
              (16 damage)
             ... on level 3 of the Dungeon.
             The game lasted 00:00:53 (2206 turns).

qw the Skirmisher (Deep Elf Hunter)                 Turns: 2206, Time: 00:00:53

Health: -2/29      AC:  3    Str: 10    XL:     5   Next: 6%
Magic:  7/7        EV: 12    Int: 14    God:
Gold:   49         SH:  0    Dex: 18    Spells: 4/4 levels left

rFire   . . .        Y - +0 shortbow
rCold   . . .        (shield currently unavailable)
rNeg    . . .        c - +0 leather armour
rPois   .            (no helmet)
rElec   .            (no cloak)
rCorr   .            (no gloves)
SInv    .            (no boots)
Will    .....        (no amulet)
Stlth   ++           (no ring)
HPRegen 0.24/turn    (no ring)
MPRegen 0.10/turn

%: no passive effects
@: no status effects
A: no striking features
a: no special abilities


You were on level 3 of the Dungeon.
You visited 1 branch of the dungeon, and saw 3 of its levels.

You collected 49 gold pieces.


   Skills:
 - Level 1.5 Fighting
 + Level 8.4 Ranged Weapons
 - Level 2.4 Dodging
 - Level 1.2 Stealth


You had 4 spell levels left.
You didn't know any spells.
Your spell library was empty.

Inventory:

Hand Weapons
 Y - a +0 shortbow (weapon)
Armour
 c - a +0 leather armour (worn)
 j - a +0 ring mail
Jewellery
 b - a +6 ring of strength
 f - a ring of fire
Scrolls
 a - a scroll of revelation {unknown}
 e - 4 scrolls of identify
 h - a scroll of blinking {unknown}
Potions
 d - a potion of enlightenment {unknown}
 g - a potion of mutation {unknown}
 i - a potion of invisibility {unknown}
 k - a potion of magic {unknown}

Dungeon Overview and Level Annotations

Branches:
Dungeon (3/15)

Altars:

Shops:
D:1 !

Annotations:
D:3 Robin


Message History

The arrow hits the goblin.
The goblin is severely wounded.
You shoot an arrow. The arrow hits the goblin.
You kill the goblin!
You shoot an arrow. The arrow hits Robin.
Robin is lightly wounded.
Robin is nearby!
Enter note:
Enter note:
Enter note:
Enter note:
Enter note:
Enter note: You shoot an arrow.
The arrow hits Robin.
Robin is moderately wounded.
You shoot an arrow.
The arrow hits Robin but does no damage.
Robin is moderately wounded.
You shoot an arrow.
The arrow hits Robin but does no damage.
Robin is moderately wounded.
You shoot an arrow. The arrow barely misses Robin.
Robin hits you but does no damage. Space warps around you.
You shoot an arrow.
The arrow hits Robin but does no damage.
Robin is moderately wounded.
Robin's horned helmet rattles.
Robin hits you with a +2 dagger of distortion.
Space warps around you.
You shoot an arrow.
The arrow hits Robin but does no damage.
Robin is moderately wounded.
Robin barely misses you.
You shoot an arrow. The arrow barely misses Robin.
Robin hits you with a +2 dagger of distortion.
Space warps around you.
You shoot an arrow. The arrow barely misses Robin.
Robin hits you but does no damage. Space warps horribly around you!
Ouch! That really hurt!
You die...

## .. .# ####.##
..[.. ...# # #.
#!.#.##.# ###.
#@....... ..#
.... #g#..####
..# # #.#####.#
.# ..#
##.###..(..))# ..
#.....
#.....####%%.....
#.#.# #...(.#
..##.#. ....
#.....# ....
#.#### #.....#
.##). .....#
#.....# .# ..#


You could see Robin.

Vanquished Creatures
  An orc priest (D:3)
  2 adders (D:2)
  An ufetubus (D:2)
  3 worms (D:2)
  5 orcs (D:3)
  7 bats
  7 endoplasms
  A giant cockroach (D:3)
  10 goblins
  11 hobgoblins
  4 jackals (D:2)
  6 quokkas
  4 ball pythons
  2 frilled lizards (D:2)
  2 kobolds
  4 rats
70 creatures vanquished.

Notes
Turn   | Place    | Note
-------+----------+-------------------------------------------
     0 | D:1      | qw the Deep Elf Hunter began the quest for the Orb.
     0 | D:1      | Reached XP level 1. HP: 12/12 MP: 3/3
     0 | D:1      | 0 ||| qw: Version: 0.3-a-22-g0ed2b0b
     0 | D:1      | 0 ||| qw: Game counter: 5108
     0 | D:1      | 0 ||| qw: Melee chars always use a shield: true
     0 | D:1      | 0 ||| qw: God list: Okawaru
     0 | D:1      | 0 ||| qw: Allow faded altars: false
     0 | D:1      | 0 ||| qw: Do Orc after clearing Dungeon:15 true
     0 | D:1      | 0 ||| qw: Do second Lair branch before Depths: true
     0 | D:1      | 0 ||| qw: Lair rune preference: random
     0 | D:1      | 0 ||| qw: Goals: Normal
     0 | D:1      | 0 ||| PLANNING D:1-11
   135 | D:1      | Found Juwnasifu's Distillery.
   141 | D:1      | Reached XP level 2. HP: 16/16 MP: 4/4
   143 | D:1      | Reached skill level 6 in Ranged Weapons
   150 | D:1      | 150 ||| SHOPLISTING 3 potions of haste (330 gold, have 15).
   150 | D:1      | 150 ||| SHOPLISTING potion of curing (33 gold, have 15).
   150 | D:1      | 150 ||| SHOPLISTING potion of enlightenment (55 gold, have
                  | 15).
   150 | D:1      | 150 ||| SHOPLISTING potion of heal wounds (55 gold, have
                  | 15).
   162 | D:1      | Found a faded altar of an unknown god.
   219 | D:1      | 219 ||| FLEEEEING.
   220 | D:1      | 220 ||| FLEEEEING.
   223 | D:1      | 223 ||| FLEEEEING.
   224 | D:1      | 224 ||| FLEEEEING.
   225 | D:1      | 225 ||| FLEEEEING.
   226 | D:1      | 226 ||| FLEEEEING.
   227 | D:1      | 227 ||| FLEEEEING.
   228 | D:1      | 228 ||| FLEEEEING.
   915 | D:1      | 915 ||| READING scroll labelled UHUUSTR CAMAG.
   916 | D:1      | 916 ||| DROPPING scroll of butterflies.
   968 | D:2      | Reached XP level 3. HP: 19/20 MP: 5/5
  1034 | D:2      | 1034 ||| Stepping ~*~*~tactically~*~*~ (outnumbered).
  1044 | D:2      | Reached skill level 7 in Ranged Weapons
  1053 | D:2      | 1053 ||| FLEEEEING.
  1055 | D:2      | 1055 ||| STAIRDANCE
  1411 | D:2      | Reached XP level 4. HP: 25/25 MP: 6/6
  1646 | D:2      | 1646 ||| READING scroll labelled ZEMA FAFIH.
  1647 | D:2      | 1647 ||| READING scroll labelled COTIEM BIEWK.
  1648 | D:2      | 1648 ||| DRINKING 2 golden potions.
  1678 | D:2      | 1678 ||| DROPPING potion of lignification.
  1913 | D:3      | Reached skill level 8 in Ranged Weapons
  1926 | D:3      | HP: 6/25 [quokka (3)]
  2156 | D:3      | Reached XP level 5. HP: 29/29 MP: 7/7
  2192 | D:3      | Noticed Robin
  2206 | D:3      | Slain by Robin

Levels and vault maps discovered:
D:1:      beargit_arrival_diablo_church, layout_loops_ring, serial_shops, shop,
          nicolae_ecumenical_lake_church
D:2:      layout_loops_ring, minmay_misc_feat_room
D:3:      layout_loops_cross, serial_bayou_pond_d, uniq_robin

Skill      XL: |  1  2  3  4 |
---------------+-------------+-----
Ranged Weapons | 6 7 8 |  8.4
Fighting       | |  1.5
Dodging        | |  2.4
Stealth        | |  1.2

Action                     |  1- 3 |  4- 6 || total
---------------------------+-------+-------++-------
   Fire: Shortbow          |   134 |    89 ||   223
    Use: Scroll            |     1 |     2 ||     3
         Potion            |       |     1 ||     1
 Armour: Leather armour    |    10 |     6 ||    16
  Dodge: Dodged            |    29 |    19 ||    48

Table legend:
 A = Non-vault XP
 B = Vault XP
 C = Vault XP percentage of total XP
 D = Non-vault monster count
 E = Vault monster count
 F = Vault count percentage of total count
                 A         B        C        D         E       F
            +---------+---------+-------+---------+---------+-------
      Total |     188 |      20 |   9.6 |      60 |      10 |  14.3
            +---------+---------+-------+---------+---------+-------
        D:1 |      39 |       0 |   0.0 |      23 |       0 |   0.0
        D:2 |      81 |       0 |   0.0 |      24 |       0 |   0.0
        D:3 |      68 |      20 |  22.7 |      13 |      10 |  43.5
            +---------+---------+-------+---------+---------+-------
